 Dungeon Crawl Stone Soup version 0.20.1-1-g8b1a95d (webtiles) character file.

211 AdmiralAndromeda the Changer (level 5, -1/37 HPs)
             Began as a Merfolk Transmuter on Nov 1, 2017.
             Slain by a sky beast (6 damage)
             ... on level 5 of the Dungeon.
             The game lasted 00:19:30 (3337 turns).

AdmiralAndromeda the Changer (Merfolk Transmuter)   Turns: 3337, Time: 00:19:31

Health: -1/37      AC:  4    Str: 11    XL:     5   Next: 88%
Magic:  3/8        EV: 13    Int: 13    God:
Gold:   161        SH:  0    Dex: 17    Spells: 4/8 levels left

rFire    . . .     SeeInvis .     - Unarmed
rCold    . . .     Gourm    .   (no shield)
rNeg     + . .     Faith    .   t - +0 leather armour
rPois    +         Spirit   .   (no helmet)
rElec    .         Reflect  .   (no cloak)
rCorr    .         Harm     .   q - +0 pair of gloves {Dex+3}
MR       .....                  (no boots)
Stlth    ++........             (no amulet)
Regen    0.2/turn               g - ring of positive energy
MPRegen  0.2/turn               m - ring of poison resistance

@: very slightly contaminated
A: change form in water, swift swim, stealthy swim
a: no special abilities


You were on level 5 of the Dungeon.
You were hungry.

You visited 1 branch of the dungeon, and saw 5 of its levels.

You collected 161 gold pieces.

Inventory:

Missiles
 a - 52 arrows
 e - 79 stones (quivered)
Armour
 b - a +0 robe
 q - a +0 pair of gloves of dexterity (worn)
 t - a +0 leather armour (worn)
Jewellery
 g - a ring of positive energy (left hand)
 m - a ring of poison resistance (right hand)
Scrolls
 f - 3 scrolls of remove curse {unknown}
 h - 3 scrolls of identify
 l - a scroll of recharging {unknown}
 n - 2 scrolls of immolation {unknown}
 s - a scroll of teleportation {unknown}
 u - a scroll of magic mapping {unknown}
Potions
 i - a potion of agility {unknown}
 k - a potion of flight {unknown}
 o - a potion of curing {unknown}
 p - a potion of brilliance {unknown}
 r - a potion of mutation {unknown}
Books
 c - a book of Changes

   Spells                             Type                      Level
   a - Beastly Appendage              Transmutation                1
   b - Sticks to Snakes               Transmutation                2
   c - Spider Form                    Transmutation/Poison         3
   d - Ice Form                       Ice/Transmutation            4
   e - Blade Hands                    Transmutation                5
Comestibles
 d - 3 bread rations
 j - a royal jelly


   Skills:
 + Level 1.2 Fighting
 + Level 3.2 Dodging
 + Level 1.2 Stealth
 + Level 4.5 Unarmed Combat
 + Level 2.4 Spellcasting
 * Level 4.9 Transmutations
 * Level 2.3 Poison Magic


You had 4 spell levels left.
You knew the following spells:

 Your Spells              Type           Power        Failure   Level  Hunger
a - Beastly Appendage     Tmut           ##....       4%          1    #......
b - Spider Form           Tmut/Pois      ##........   22%         3    ###....


Dungeon Overview and Level Annotations

Branches:
Dungeon (6/15)
 Temple: D:4-7

Altars:
The Shining One

Annotations:
D:6 Dowan


Message History

You feel clumsy.
Your transformation is almost over.
Your transformation has ended.
Your +0 pair of gloves of dexterity unmelds from your body.
Your +0 leather armour unmelds from your body.
You feel agile. The orc warrior misses you.
There is a stone staircase leading up here.
The orc warrior misses you.
You climb upwards.
The sky beast flickers out of sight!
Deactivating autopickup; reactivate with Ctrl-A.
Something hits you.
* * * LOW HITPOINT WARNING * * *
Something shocks you.
* * * LOW HITPOINT WARNING * * *
There is a stone staircase leading down here.
Something hits you.
* * * LOW HITPOINT WARNING * * *
Something shocks you.
You die...

........ ......
..... #....
#.#.#
#...#######
#.........
######.@.......
......{>...o...
#######o.......
#........
#o.......
.o.......
.........
.........
...#####..


You could see an orc warrior, an orc priest, an orc wizard (wandering) and an
orc (wandering).

Vanquished Creatures
  A hound (D:6)
  An orc wizard (D:3)
  Natasha (D:3)
  4 adders
  2 oozes
  An adder zombie (D:6)
  An adder skeleton (D:6)
  4 worms
  3 dart slugs
  5 orcs
  4 giant cockroaches
  7 hobgoblins
  7 kobolds
  A quokka (D:6)
  5 bats
  5 frilled lizards
  6 goblins
  5 rats
63 creatures vanquished.

Notes
Turn   | Place    | Note
-------+----------+-------------------------------------------
     0 | D:1      | AdmiralAndromeda the Merfolk Transmuter began the quest for the Orb.
     0 | D:1      | Reached XP level 1. HP: 15/15 MP: 3/3
   137 | D:1      | Reached XP level 2. HP: 17/21 MP: 3/5
   620 | D:1      | Reached XP level 3. HP: 26/26 MP: 4/6
   808 | D:2      | Learned a level 3 spell: Spider Form
  1353 | D:2      | Reached XP level 4. HP: 9/32 MP: 1/7
  2091 | D:2      | Found a glowing golden altar of the Shining One.
  2325 | D:3      | Noticed Natasha
  2331 | D:3      | Killed Natasha
  2331 | D:3      | Reached skill level 1 in Poison Magic
  2348 | D:3      | Reached XP level 5. HP: 31/37 MP: 5/8
  2613 | D:3      | Reached skill level 1 in Stealth
  2972 | D:3      | You fall through a shaft for 3 floors!
  2980 | D:5      | Entered Level 5 of the Dungeon
  2980 | D:5      | Noticed a sky beast
  3040 | D:6      | Noticed Dowan
  3224 | D:6      | Noticed an orc warrior
  3337 | D:5      | Slain by a sky beast

Skill      XL: |  1  2  3  4  5 |
---------------+----------------+-----
Dodging        | 3 |  3.2
Transmutations | 3 4 |  4.9
Unarmed Combat | 4 |  4.5
Poison Magic   | 1 2 |  2.3
Stealth        | 1 |  1.2
Fighting       | |  1.2
Spellcasting   | |  2.4

Action                   |  1- 3 |  4- 6 || total
-------------------------+-------+-------++-------
Melee: Unarmed           |    87 |   125 ||   212
       Headbutt          |    12 |    20 ||    32
       Punch             |     1 |       ||     1
Throw: Stone             |     8 |    15 ||    23
 Cast: Beastly Appendage |    19 |    16 ||    35
       Spider Form       |     2 |     6 ||     8
  Use: Scroll            |     2 |       ||     2
 Stab: Sleeping          |       |     1 ||     1
  Eat: Chunk             |     2 |     7 ||     9
Armor: Robe              |    12 |    21 ||    33
       Skin              |       |     1 ||     1
       Leather armour    |       |     3 ||     3
Dodge: Dodged            |    56 |    83 ||   139
